[Event "Turkish Championship 2022"]
[Site "Kemer-Antalya"]
[Date "2022.12.03"]
[Round "9.2"]
[White "Ozsakallioglu, Okan"]
[Black "Gokbulut, Yulia"]
[Result "1-0"]
[ECO "B10"]
[WhiteElo "2288"]
[BlackElo "1912"]
[Annotator "TA"]
[PlyCount "99"]
[EventDate "2022.11.25"]
[EventCountry "TUR"]
[SourceTitle "playchess.com"]
[Source "ChessBase"]
[SourceQuality "1"]
[TimeControl "40/5400+30:1800+30"]

1. e4 c6 2. Nf3 d5 3. d3 Bg4 4. h3 Bxf3 5. Qxf3 e6 6. g3 {[%emt 0:04:30] B10: Caro-Kann: 2 d3 and 2 c4.} Nd7 7. Bg2 Ngf6 8. Nd2 {[%emt 0:01:30] White has an edge.} Qc7 9. Qe2 O-O-O {[%emt 0:02:30] [#]} 10. Nf3 $146 ({Predecessor:} 10. O-O h5 11. Nf3 Bd6 12. c3 Nh7 13. b4 dxe4 14. Qxe4 h4 15. Qxh4 g5 16. Qd4 {1-0 (33) Rakotomaharo,F (2428)-Atalik,E (2464) Douglas 2019}) 10... dxe4 11. dxe4 Bb4+ (11... h6) 12. c3 Bd6 13. O-O h6 14. Rd1 {[%emt 0:05:30][%cal Od1d6] Strongly threatening Rxd6!} e5 (14... Ne5 $14) 15. b4 $1 $16 Kb8 16. Nd2 {[%emt 0:01:30] White is more active.} g5 ({Black should play} 16... h5) 17. a4 Nf8 18. Nc4 Ne6 19. Be3 Be7 20. Rdb1 Nd7 21. a5 Rdg8 (21... h5 {is a better defense.} 22. b5 cxb5 23. Rxb5 a6) 22. Rd1 $18 Rd8 23. Qa2 c5 $2 (23... a6 {keeps fighting.} 24. Bb6 Nxb6) 24. b5 Qc8 25. a6 b6 {[%emt 0:01:07] [#]} 26. Rxd7 Rxd7 (26... Qxd7 27. Nxe5) 27. Nxe5 {[%emt 0:00:00] Nc6+ is the strong threat.} Rc7 28. Nxf7 Rh7 {[%emt 0:00:30] [#]} (28... Rf8 $142 29. e5 Rd7) 29. e5 $1 c4 (29... Rxf7 30. Qd5) 30. Nd6 Bxd6 31. exd6 Rcd7 32. Qc2 {[%emt 0:00:30] Black must now prevent Qe4.} Nc5 {[%emt 0:01:27] Inhibits Qe4.} 33. Qf5 (33. Bxc5 $142 Qxc5 34. Qe4 Qxd6 35. Qa8+ (35. Qxc4 Rhe7 $11) 35... Kc7 36. Bc6) 33... Rhf7 34. Qd5 Nb7 35. axb7 Rxb7 {[%emt 0:00:21] [#]} 36. d7 (36. Bxb6 $142 $1 Rh7 {[#]} (36... Rfd7 37. Bxa7+) 37. Bxa7+ $1 Ka8 38. Qe5 Rhd7 39. Bxb7+ Rxb7 40. Bb6+ Kb8 41. d7+ Rc7 42. dxc8=Q+ Kxc8 43. Qxc7#) 36... Rfxd7 37. Qe5+ Qc7 38. Bd4 {[%emt 0:00:30] Threatens to win with Qe8+.} Qxe5 39. Bxe5+ {[%emt 0:00:00] A strong pair of Bishops.} Kc8 40. Re1 Rd2 41. Bxb7+ Kxb7 {[%emt 0:01:08][%mdl 4096] Endgame KRB-KR} 42. Bd4 Rb2 43. Re7+ Kc8 44. Rxa7 Rxb5 45. f4 gxf4 46. gxf4 Rb1+ 47. Kf2 {[%emt 0:00:30] White threatens f5 and mate.} b5 48. f5 {[%emt 0:00:00] White mates.} Rb2+ 49. Kf3 Rh2 50. f6 {[%emt 0:00:30] Weighted Error Value: White=0.38/Black=0.66} 1-0

[Event "Turkish Championship 2022"]
[Site "Kemer-Antalya"]
[Date "2022.12.03"]
[Round "9.3"]
[White "Kilic, Eray"]
[Black "Isik, Alparslan"]
[Result "1/2-1/2"]
[ECO "C47"]
[WhiteElo "2437"]
[BlackElo "2463"]
[Annotator "TA"]
[PlyCount "81"]
[EventDate "2022.11.25"]
[EventCountry "TUR"]
[SourceTitle "playchess.com"]
[Source "ChessBase"]
[SourceQuality "1"]
[TimeControl "40/5400+30:1800+30"]

1. e4 e5 2. Nf3 Nf6 3. Nc3 Nc6 4. d4 exd4 5. Nxd4 Bb4 6. Nxc6 bxc6 7. Bd3 d5 8. exd5 O-O 9. O-O cxd5 10. Bg5 Be6 11. Qf3 h6 $1 {[%emt 0:01:30][%mdl 4] is recently more successful than 11...Be7. C47: Scotch Four Knights and Four Knights with 4 g3.} 12. Bxf6 Qxf6 13. Qxf6 gxf6 14. Ne2 c5 {[%emt 0:06:00] [#] White must now prevent ...c4.} 15. Nf4 $146 ({Predecessor:} 15. b3 c4 16. bxc4 dxc4 17. Be4 Rad8 18. Rfd1 f5 19. Bf3 Bd2 20. c3 Rd3 21. Rab1 {0-1 (32) Inarkiev,E (2661)-Artemiev,V (2706) Krasnogorsk 2022}) 15... c4 16. Be2 Bd6 17. Nxe6 fxe6 18. Rad1 Rac8 19. Rfe1 Rfe8 20. Bf3 Re7 21. Re2 f5 22. b3 Kg7 23. g4 cxb3 24. axb3 Rc3 25. Kg2 fxg4 26. Bxg4 Kf6 {[%emt 0:00:00][%cal Oh6h5] Strongly threatening ...h5!} 27. h3 Bc5 28. Rd3 Rxd3 29. cxd3 $11 {[%emt 0:00:19][%mdl 4096] Endgame KRB-KRB} Bd4 30. f4 a5 31. Kf3 e5 32. fxe5+ Bxe5 33. d4 Bxd4 34. Rxe7 Kxe7 $15 {[%emt 0:00:00] KB-KB} 35. Ke2 Kd6 36. Kd3 Bf6 37. Bf3 Ke5 38. Bg2 d4 39. Bc6 Kd6 40. Be8 Ke5 41. Bc6 {[%emt 0:01:42] Weighted Error Value: White=0.02 (flawless) /Black=0.02 (flawless)} 1/2-1/2

[Event "Turkish Championship 2022"]
[Site "Kemer-Antalya"]
[Date "2022.12.03"]
[Round "9.4"]
[White "Yilmazyerli, Mert"]
[Black "Agdelen, Huseyin Can"]
[Result "1/2-1/2"]
[ECO "D02"]
[WhiteElo "2534"]
[BlackElo "2416"]
[Annotator "TA"]
[PlyCount "42"]
[EventDate "2022.11.25"]
[EventCountry "TUR"]
[SourceTitle "playchess.com"]
[Source "ChessBase"]
[SourceQuality "1"]
[TimeControl "40/5400+30:1800+30"]

1. Nf3 d5 2. g3 c5 3. Bg2 Nf6 4. O-O e6 5. d4 cxd4 6. Nxd4 e5 7. Nb3 Be6 8. Nc3 {[%emt 0:00:00] The position is equal.} Be7 {[%emt 0:03:30] D02: 1 d4 d5 2 Nf3 sidelines, including 2...Nf6 3 g3 and 2...Nf6 3 Bf4.} 9. Bg5 Nbd7 10. f4 {[%emt 0:00:30] [#] aiming for f5.} exf4 ({Much less strong is} 10... Qb6+ 11. Kh1 $14) 11. gxf4 {[%emt 0:00:00][%cal Of4f5] Threatens to win with f5!} Nb6 12. f5 {[%emt 0:03:00] Against h6} Bd7 13. e4 (13. Bxd5 $2 {too greedy.} Nfxd5 14. Bxe7 Qxe7 $19) 13... dxe4 14. Bxf6 Bxf6 15. Nxe4 O-O 16. Nxf6+ Qxf6 17. Qd4 {[%emt 0:00:00] [#]} Qg5 $146 ({Predecessor:} 17... Rac8 18. Qxf6 gxf6 19. Nd4 Nc4 20. Rf4 Ne5 21. Bf1 Kh8 22. Be2 Rg8+ 23. Kf2 Rg5 24. h4 Rg7 25. Rg1 Rxg1 26. Kxg1 Kg7 27. Kf2 Kf8 {½-½ (37) Oliveira,D (2237)-Wernikiewicz,Z (2262) LSS email 2020}) 18. Qf4 Qf6 19. Qd4 Qg5 20. Qf4 Qf6 21. Qd4 Qg5 {[%emt 0:00:30] An even fight not without its subleties.   Weighted Error Value: White=0.00 (flawless) /Black=0.00 (flawless)} 1/2-1/2

[Event "Turkish Championship 2022"]
[Site "Kemer-Antalya"]
[Date "2022.12.03"]
[Round "9.5"]
[White "Koksal, Ege"]
[Black "Yaran, Siar"]
[Result "1/2-1/2"]
[ECO "E05"]
[WhiteElo "2321"]
[BlackElo "2291"]
[Annotator "TA"]
[PlyCount "61"]
[EventDate "2022.11.25"]
[EventCountry "TUR"]
[SourceTitle "playchess.com"]
[Source "ChessBase"]
[SourceQuality "1"]
[TimeControl "40/5400+30:1800+30"]

1. Nf3 d5 2. d4 Nf6 3. c4 e6 4. g3 Be7 5. Bg2 O-O 6. O-O dxc4 7. Qc2 a6 8. a4 Bd7 9. Ne5 Bc6 10. Nxc6 Nxc6 11. e3 Na5 12. Nd2 c5 13. dxc5 Rc8 14. b4 cxb3 15. Nxb3 Nxb3 16. Qxb3 {[%emt 0:00:00] The position is equal.} Nd7 {[%emt 0:00:30] E05: Open Catalan: 5 Nf3 Be7.} 17. Ba3 Nxc5 18. Bxc5 Rxc5 19. Qxb7 a5 20. Rfd1 Qc7 21. Qxc7 Rxc7 22. Rac1 Rfc8 23. Rxc7 Rxc7 $11 {[%emt 0:00:30][%mdl 4096] Endgame KRB-KRB} 24. Bf1 g6 25. Bb5 {[%emt 0:00:00] [#]} Kf8 $146 ({Predecessor:} 25... Bb4 26. Kg2 h5 27. h4 Rc2 28. Kf1 Kg7 29. Rd7 Rc1+ 30. Ke2 Rc2+ 31. Kf1 Rc1+ 32. Ke2 Rc2+ 33. Kf1 {½-½ (33) Abasov,N (2632)-Dominguez Perez,L (2763) Khanty-Mansiysk 2019}) 26. Rd7 Rc2 27. Kg2 Bb4 28. Rd1 Bd2 29. Kf3 Rb2 30. h4 h5 31. Ke4 {[%emt 0:01:30] Not much happened in this game.   Weighted Error Value: White=0.00 (flawless) /Black=0.00 (flawless)} 1/2-1/2